 Dungeon Crawl Stone Soup version bcrawl-1.20.1 (webtiles) character file.

Game seed: 16764417442598784068

56 Freyura the Skirmisher (level 3, -6/29 HPs)
             Began as a Demonspawn Abyssal Knight on Jan 24, 2020.
             Was a Follower of Lugonu.
             Mangled by Sigmund
             ... wielding a +0 scythe
              (11 damage)
             ... on level 2 of the Dungeon.
             The game lasted 00:03:37 (1900 turns).

Freyura the Skirmisher (Demonspawn Abyssal Knight)  Turns: 1900, Time: 00:03:37

Health: -6/29      AC:  5    Str: 12    XL:     3   Next: 71%
Magic:  5/5        EV: 10    Int: 13    God:    Lugonu [*.....]
Gold:   61         SH:  3    Dex: 13    Spells: 2/2 levels left

rFire    . . .     SeeInvis .   a - +1 mace
rCold    . . .     Gourm    .   o - +0 buckler
rNeg     . . .     Faith    .   k - +0 ring mail
rPois    .         Spirit   .   (no helmet)
rElec    .         Reflect  .   (no cloak)
rCorr    .         Harm     .   (no gloves)
MR       +....                  (no boots)
Stlth    +.........             (no amulet)
HPRegen  0.09/turn              (no ring)
MPRegen  0.09/turn              (no ring)

@: no status effects
A: claws 1, magic resistance 1
a: Depart the Abyss, Bend Space, Renounce Religion


You were on level 2 of the Dungeon.
You worshipped Lugonu.
Lugonu was aware of your devotion.
You were not hungry.

You visited 1 branch of the dungeon, and saw 2 of its levels.
You visited the Abyss 1 time.

You collected 61 gold pieces.

Inventory:

Hand Weapons
 a - a +1 mace (weapon)
Missiles
 c - 10 tomahawks of dispersal (quivered)
 d - 192 stones
Armour
 k - a +0 ring mail (worn)
 o - a +0 buckler (worn)
Scrolls
 g - a scroll of remove curse
 i - a scroll of identify {unknown}
 l - a scroll of teleportation {unknown}
 m - 2 scrolls of fog {unknown}
Potions
 b - a potion of mutation
 f - a potion of degeneration {unknown}
 h - a potion of magic {unknown}
 j - a potion of haste {unknown}
Comestibles
 e - 2 rations {!d}


   Skills:
 + Level 3.3 Fighting
 * Level 2.6 Maces & Flails
 - Level 0.8 Throwing
 + Level 2.1 Armour
 + Level 1.4 Dodging
 + Level 0.1 Shields
 + Level 3.2 Invocations


You had 2 spell levels left.
You didn't know any spells.
Your spell library was empty.

Dungeon Overview and Level Annotations

Branches:
Dungeon (2/12)

Altars:
Fedhas
Qazlal

Annotations:
D:2 Sigmund


Innate Abilities, Weirdness & Mutations

You have sharp fingernails.
You are resistant to hostile enchantments. (MR+)


Message History

Sigmund miscasts a cantrip.
It was a potion of mutation.
You feel extremely strange.
Your connection to magic feels subdued.
You feel resistant to hostile enchantments.
Your magic regains its normal vibrancy.
Sigmund mumbles some strange words.
Sigmund flickers and vanishes!
Deactivating autopickup; reactivate with Ctrl-A.
You barely miss the frilled lizard. The frilled lizard barely misses you.
The frilled lizard misses you.
You miss the frilled lizard. The frilled lizard closely misses you.
Something hits you!
You hit the frilled lizard.
You kill the frilled lizard!
Lugonu accepts your kill. Something hits you. Something hits you!
* * * LOW HITPOINT WARNING * * *
Something hits you!
You die...

#.# ####.####
#........ #.# ###.
###....... ..#
....#####
#........# ###
#......###.###...##
#.##.#.##.......##
#.
#..†#...........#
#. ###.#..#.......#
l# #......#.......#
.. #@####.#......[#
#.
###.####.........#
#.
#.....####.......#
####.###.....#
#.#######
#...@........# #.#
#.##.##......# #.
#. #......# ..
#.###### #.# #.#


There were no monsters in sight!

Vanquished Creatures
  An adder (D:2)
  3 dart slugs
  A leopard gecko (D:1)
  8 bats
  2 giant cockroaches
  4 goblins
  5 hobgoblins
  7 kobolds
  A quokka (D:2)
  2 frilled lizards
  2 rats
36 creatures vanquished.

Notes
Turn   | Place    | Note
-------+----------+-------------------------------------------
     0 | Abyss:1  | Freyura the Demonspawn Abyssal Knight began the quest for
                  | the Orb.
     0 | Abyss:1  | Reached XP level 1. HP: 18/18 MP: 2/2
    47 | Abyss:1  | Noticed a wretched star
    48 | D:1      | Escaped the Abyss
   180 | D:1      | Reached skill level 1 in Dodging
   258 | D:1      | Gained mutation: You have sharp fingernails. [demonic
                  | ancestry]
   258 | D:1      | Reached XP level 2. HP: 24/24 MP: 4/4
   311 | D:1      | Reached * piety under Lugonu
  1208 | D:2      | Found a stormy altar of Qazlal.
  1257 | D:2      | Reached XP level 3. HP: 29/29 MP: 5/5
  1813 | D:2      | Found a blossoming altar of Fedhas.
  1883 | D:2      | Noticed Sigmund
  1893 | D:2      | Gained mutation: Your spells are a little easier to cast,
                  | but a little less powerful. [potion of mutation]
  1893 | D:2      | Gained mutation: You are resistant to hostile enchantments.
                  | (MR+) [potion of mutation]
  1893 | D:2      | Lost mutation: Your spells are a little easier to cast, but
                  | a little less powerful. [potion of mutation]
  1900 | D:2      | Mangled by Sigmund

Skill      XL: |  1  2 |
---------------+-------+-----
Dodging        | 1 |  1.4
Maces & Flails | 2 |  2.6
Armour         | 2 |  2.1
Invocations    | 3 |  3.2
Fighting       | |  3.3
Throwing       | |  0.8
Shields        | |  0.1

Action                   || total
-------------------------++-------
Melee: Mace              ||   109
Invok: Depart the Abyss  ||     1
  Use: Scroll            ||     1
       Potion            ||     1
  Eat: Chunk             ||     3
Armor: Ring mail         ||    52
       Leather armour    ||     1
Dodge: Dodged            ||    78
Block: Buckler           ||     1
